[Event "Late-Titled-Tuesday-Blitz-October-10-2023"]
[Site "Chess.com"]
[Date "2023.10.10"]
[Round "9"]
[White "Cambek64"]
[Black "borocotoajua"]
[Result "0-1"]
[WhiteElo "2407"]
[BlackElo "2556"]
[TimeControl "180+1"]
[EndTime "15:38:54 PDT"]
[Termination "borocotoajua won by checkmate"]

1. g3 Nf6 2. Bg2 g6 3. c4 Bg7 4.
Nc3 d6 5. d4 O-O 6. e3 e5 7.
Nge2 c6 8. O-O Re8 9. b4 e4 10. b5 h5 11. bxc6 Nxc6 12. Qa4 h4 13. Ba3 Bd7 14.
Qd1 hxg3 15. fxg3 Na5 16. Bxd6 Nxc4 17. Bf4 Ng4 18. Qb3 Rc8 19. Nxe4 Bc6 20. Qxc4 Bxe4 21. Qb3 Bxg2 22. Kxg2 g5 23. h3 gxf4 24. hxg4 Rxe3 25. Qb5 a6 26. Qxb7 Rxe2+ 27. Kh3 Rc7 28. Qf3 Re6 29. Qxf4 Rh6+ 30. Kg2 Qd5+ 31. Rf3 Rc2+ 32. Kf1 Rh1# 0-1

[Event "Late-Titled-Tuesday-Blitz-October-10-2023"]
[Site "Chess.com"]
[Date "2023.10.10"]
[Round "9"]
[White "Cheer_Down"]
[Black "giomar27"]
[Result "0-1"]
[WhiteElo "2448"]
[BlackElo "2308"]
[TimeControl "180+1"]
[EndTime "15:38:55 PDT"]
[Termination "giomar27 won by resignation"]

1. e4 a6 2. d4 e6 3. Nf3 d5 4. e5 c5 5. c3 Nc6 6. a3 b5 7.
Bd3 Qb6 8. Bc2 Nh6 9. Bxh6 gxh6 10. O-O Rg8 11. b4 cxd4 12. cxd4 Bd7 13. Nc3 f6 14. exf6 Bd6 15. Bxh7 Rg4 16. h3 Rf4 17. Bg6+ Kd8 18. f7 Kc7 19. Re1 Nxd4 20. Nxd4 Rxd4 21. Qh5 Rf4 22. Re2 Qd4 23. Rc1 Kb7 24. g3 Rf6 25. Kg2 Rc8 26. Rec2 Bc6 27. Qe2 Rxg6 28. Na2 Qe4+ 29.
Qxe4 dxe4 30. Rd2 e3+ 31. Rxc6 exd2 32. Rxd6 Rf6 33. Rxd2 Rxf7 34. Rd3 Rc2 35. Nc3 Rfxf2+ 36. Kg1 Rg2+ 37. Kf1 Rcf2+ 0-1

[Event "Late-Titled-Tuesday-Blitz-October-10-2023"]
[Site "Chess.com"]
[Date "2023.10.10"]
[Round "9"]
[White "ozates"]
[Black "shimastream"]
[Result "0-1"]
[WhiteElo "2785"]
[BlackElo "3007"]
[TimeControl "180+1"]
[EndTime "15:38:59 PDT"]
[Termination "shimastream won on time"]

1. e4 d6 2. d4 c6 3. Nc3 e5 4. Nf3 Qc7 5. a4 Nf6 6. h3 Be7 7. Bd3 Nbd7 8. O-O O-O 9. a5 Rb8 10. Be3 b5 11. axb6 axb6 12. d5 cxd5 13. exd5 Nc5 14.
Bb5 Bb7 15. Re1 Ra8 16. Bg5 Rxa1 17. Qxa1 Nxd5 18. Bxe7 Qxe7 19. Qa7 Nxc3 20. bxc3 Qc7 21. Ra1 h6 22. Qa2 Bxf3 23. gxf3 Ne6 24. Bd3 Nf4 25.
Bf1 Qxc3 26. Qa3 Qc7 27. Rb1 Rd8 28. Qb3 Rb8 29. Rd1 g6 30. Qe3 Kg7 31. Qd2 Rd8 32. Qe3 d5 33. Rb1 d4 34. Qb3 Rd6 35. Ra1 Rc6 36. Ra8 Rc3 37. Qb4 Qc5 38. Qa4 Qc6 39. Qa7 Rxf3 40. Qb8 Kf6 0-1

[Event "Late-Titled-Tuesday-Blitz-October-10-2023"]
[Site "Chess.com"]
[Date "2023.10.10"]
[Round "9"]
[White "OLDTERMINATOR"]
[Black "isainz"]
[Result "0-1"]
[WhiteElo "1605"]
[BlackElo "2026"]
[TimeControl "180+1"]
[EndTime "15:39:08 PDT"]
[Termination "isainz won on time"]

1. e4 e6 2. d4 d5 3. Nc3 Bb4 4. e5 c5 5. a3 Bxc3+ 6. bxc3 Qa5 7. Nf3 c4 8. Qd2 Qa4 9. g3 h6 10. h4 Nc6 11. Bh3 Bd7 12. O-O O-O-O 13. Nh2 Nge7 14.
f4 Rdg8 15. h5 g5 16. f5 Nxf5 17. Bxf5 exf5 18. Qg2 Be6 19. g4 f4 20. Ra2 Qa5 21. Bd2 Qd8 22. Rb1 b6 23. a4 f6 24. exf6 Qxf6 25.
Nf3 Re8 26. a5 Nxa5 27. Ne5 Kc7 28. Qf3 Bd7 29. Rxa5 bxa5 30. Bc1 Qd6 0-1

[Event "Late-Titled-Tuesday-Blitz-October-10-2023"]
[Site "Chess.com"]
[Date "2023.10.10"]
[Round "9"]
[White "jaskol95"]
[Black "alexrustemov"]
[Result "0-1"]
[WhiteElo "2577"]
[BlackElo "2826"]
[TimeControl "180+1"]
[EndTime "15:39:11 PDT"]
[Termination "alexrustemov won by resignation"]

1. d4 g6 2. e4 Bg7 3. Nf3 d6 4. Nc3 Nf6 5. Bc4 O-O 6. Qe2 e6 7. Bf4 d5 8. Bd3 dxe4 9. Nxe4 b6 10. Nxf6+ Bxf6 11. Be4 c6 12. O-O-O Ba6 13. Qe3 Bc4 14. Bh6 Re8 15. h4 Bd5 16. Bd3 Nd7 17. h5 Bxf3 18. Qxf3 Bg5+ 19. Bxg5 Qxg5+ 20. Kb1 Nf6 21. hxg6 hxg6 22.
Rh3 Kg7 23. Rg3 Qd5 24. Qf4 Nh5 25. Qc7 Nxg3 26. fxg3 Rad8 27. Rf1 Rd7 28. Qf4 Qxd4 29.
Qg5 Rd5 30. Qd2 Rf5 31. Rh1 Rh8 32. Rxh8 Kxh8 33. Qh6+ Kg8 34. Bxf5 Qd1+ 35. Qc1 Qxc1+ 36. Kxc1 gxf5 37. Kd2 Kf8 38. Ke3 Ke7 39. Kf4 Kf6 40.
c4 e5+ 41. Ke3 Kg5 42. b4 Kg4 43. Kf2 e4 44. a4 c5 45. bxc5 bxc5 46. a5 a6 47. Ke3 Kxg3 48. Ke2 Kxg2 49. Ke3 Kg3 0-1

[Event "Late-Titled-Tuesday-Blitz-October-10-2023"]
[Site "Chess.com"]
[Date "2023.10.10"]
[Round "9"]
[White "SEBAZZANO"]
[Black "K_alena13"]
[Result "1-0"]
[WhiteElo "2248"]
[BlackElo "2140"]
[TimeControl "180+1"]
[EndTime "15:39:11 PDT"]
[Termination "SEBAZZANO won by resignation"]

1. d4 d5 2. Bf4 Nf6 3. e3 e6 4. Nd2 Be7 5. Ngf3 O-O 6. Ne5 Bd6 7. Bd3 c6 8. c3 c5 9. O-O b6 10. Qf3 Bb7 11. Qh3 Nc6 12. Bg5 g6 13. Bxf6 Qxf6 14.
Nd7 Qe7 15. Nxf8 Rxf8 16. Rfe1 e5 17. e4 cxd4 18. exd5 dxc3 19. bxc3 Na5 20. c4 Rc8 21. Rec1 f5 22. Nb3 Nxb3 23. axb3 a5 24. Re1 Qf6 25. Qe3 e4 26. Bf1 Re8 27. g3 Bc5 28. Qh6 Qd4 29. Ra2 b5 30. cxb5 Bc6 31. bxc6 Qxd5 32. Bc4 1-0

[Event "Late-Titled-Tuesday-Blitz-October-10-2023"]
[Site "Chess.com"]
[Date "2023.10.10"]
[Round "9"]
[White "Eliwood44"]
[Black "TanitoluwaAps116"]
[Result "1-0"]
[WhiteElo "2503"]
[BlackElo "2660"]
[TimeControl "180+1"]
[EndTime "15:39:14 PDT"]
[Termination "Eliwood44 won on time"]

1. d4 Nf6 2. c4 e6 3. Nf3 b6 4. g3 Ba6 5. Qc2 Bb7 6. Bg2 c5 7. dxc5 Bxc5 8. O-O O-O 9. Rd1 Qe7 10. Nc3 d5 11. cxd5 Nxd5 12. Ne4 Nd7 13. Nfg5 f5 14. Nxc5 Nxc5 15. a3 Rac8 16. Qb1 Nb3 17. e4 Nf6 18. Qa2 Nxa1 19. Nxe6 Rf7 20. Ng5 Nc2 21. e5 Bxg2 22. exf6 Qxf6 23. Rd7 Nd4 24.
Nxf7 Rxc1+ 25. Kxg2 Qc6+ 26. Kh3 Kf8 27. Rxd4 Qg6 28. Qd5 Qxf7 29. Qa8+ Qe8 30. Rd8 1-0

[Event "Late-Titled-Tuesday-Blitz-October-10-2023"]
[Site "Chess.com"]
[Date "2023.10.10"]
[Round "9"]
[White "PatzerSmashers"]
[Black "Witty_Alien"]
[Result "0-1"]
[WhiteElo "2390"]
[BlackElo "2254"]
[TimeControl "180+1"]
[EndTime "15:39:14 PDT"]
[Termination "Witty_Alien won by checkmate"]

1. Nf3 Nf6 2. c4 c5 3. Nc3 Nc6 4. e3 g6 5. d4 cxd4 6. exd4 d6 7. Be2 Bg7 8. O-O O-O 9. h3 Bf5 10. Be3 Rc8 11. Rc1 h6 12. d5 Na5 13. b3 b6 14. Qd2 Kh7 15. Nd4 Bd7 16. Rfe1 Nb7 17. b4 b5 18. Ndxb5 Bxb5 19. Nxb5 a6 20. Nd4 Ne4 21.
Qd3 f5 22. Ne6 Qd7 23. c5 dxc5 24. bxc5 Nd8 25. c6 Qd6 26. Bf4 Qb4 27. Nxf8+ Bxf8 28. Rc4 Qxe1+ 29. Bf1 Qxf2+ 30. Kh1 Qxf4 31. Kg1 Qf2+ 32. Kh2 Qf4+ 33. Kg1 Nf7 34. Qd4 Bg7 35. Qb6 Ne5 36. Rc2 Qg3 37. c7 Nf3+ 38. Kh1 Qh2# 0-1

[Event "Late-Titled-Tuesday-Blitz-October-10-2023"]
[Site "Chess.com"]
[Date "2023.10.10"]
[Round "9"]
[White "PNEPaul"]
[Black "KejJaj"]
[Result "1/2-1/2"]
[WhiteElo "1984"]
[BlackElo "2153"]
[TimeControl "180+1"]
[EndTime "15:39:16 PDT"]
[Termination "Game drawn by repetition"]

1. e4 c5 2. d4 cxd4 3. c3 d5 4. exd5 Qxd5 5. cxd4 Nc6 6. Nf3 e5 7. Nc3 Bb4 8. Be3 exd4 9. Nxd4 Bxc3+ 10. bxc3 Nf6 11. Nxc6 Qxc6 12. Bd4 O-O 13. Bxf6 Qxf6 14. Qd4 Re8+ 15. Be2 Qa6 16. c4 Qa5+ 17. Qd2 Qe5 18. Rd1 Bg4 19. f3 Bf5 20. Kf2 h6 21. Rhe1 Qxh2 22.
Rh1 Qe5 23. Rh5 Qf6 24. Qf4 Qb6+ 25. Qd4 Qxd4+ 26. Rxd4 Bg6 27. Rhd5 Rac8 28. Rd7 Rb8 29. f4 Bf5 30. Rc7 Rec8 31. Rxc8+ Rxc8 32. g4 Bb1 33. a3 Ba2 34. f5 Kf8 35. Rd7 Bxc4 36. Rxb7 Bxe2 37.
Kxe2 Ra8 38. Kf3 a5 39. Rb5 a4 40. Rb4 Ra5 41. Kf4 Ke7 42. Rb7+ Kf6 43. Rb6+ Ke7 44. Rb7+ Kf8 45. Rb8+ Ke7 46. Rb7+ 1/2-1/2

[Event "Late-Titled-Tuesday-Blitz-October-10-2023"]
[Site "Chess.com"]
[Date "2023.10.10"]
[Round "9"]
[White "greekplayer1"]
[Black "Harsha_Bharathakoti"]
[Result "1-0"]
[WhiteElo "2719"]
[BlackElo "2897"]
[TimeControl "180+1"]
[EndTime "15:39:17 PDT"]
[Termination "greekplayer1 won by checkmate"]

1. e4 c5 2. Nf3 d6 3. d4 cxd4 4. Nxd4 Nf6 5. Nc3 Nc6 6. Bc4 e6 7. O-O a6 8. Bb3 Qc7 9. Be3 Na5 10. f4 Be7 11. Qf3 Nxb3 12. axb3 O-O 13. g4 b6 14. g5 Nd7 15. f5 Ne5 16. Qh3 Qd7 17. f6 Bd8 18. fxg7 Re8 19. Rf4 Ng6 20. Rf2 Kxg7 21. Raf1 Rf8 22. Nd5 exd5 23. Nf5+ Kh8 24. Qh6 f6 25.
Bd4 Rf7 26. Nxd6 Qxd6 27. Rxf6 Bxf6 28. Rxf6 Rxf6 29. gxf6 dxe4 30. Qg7# 1-0

[Event "Late-Titled-Tuesday-Blitz-October-10-2023"]
[Site "Chess.com"]
[Date "2023.10.10"]
[Round "9"]
[White "emeli_chess"]
[Black "Blackwhite017"]
[Result "1-0"]
[WhiteElo "2385"]
[BlackElo "2048"]
[TimeControl "180+1"]
[EndTime "15:39:17 PDT"]
[Termination "emeli_chess won on time"]

1. d4 d5 2. c4 c6 3. Nc3 Nf6 4. e3 a6 5. c5 Bf5 6. f4 Nbd7 7. Nf3 e6 8. Be2 b5 9. cxb6 Qxb6 10.
O-O c5 11. Na4 Qa7 12. Nxc5 Nxc5 13. dxc5 Bxc5 14. Qa4+ Qd7 15. Qxd7+ Nxd7 16. Nd4 Bxd4 17. exd4 O-O 18. Bd2 Rfb8 19. b3 a5 20. Rfc1 a4 21.
b4 Nf6 22. a3 Ne4 23. Be1 Rc8 24. g4 Bg6 25. Kg2 Nd6 26. Rc5 Be4+ 27. Kf2 Bh1 28. Ke3 Ne4 29. Rac1 Nxc5 30. dxc5 Be4 31. b5 Rab8 32. Kd4 f6 33. b6 Bg2 34. Ba5 Kf7 35. c6 e5+ 36. fxe5 fxe5+ 37. Kc5 d4 38. Bb5 d3 39. c7 Rb7 40. Bc6 1-0

[Event "Late-Titled-Tuesday-Blitz-October-10-2023"]
[Site "Chess.com"]
[Date "2023.10.10"]
[Round "9"]
[White "mac0504"]
[Black "dretch"]
[Result "0-1"]
[WhiteElo "2584"]
[BlackElo "2856"]
[TimeControl "180+1"]
[EndTime "15:39:18 PDT"]
[Termination "dretch won on time"]

1. c4 c6 2. b3 e5 3. Bb2 Qc7 4. Nc3 Nf6 5. e4 Bc5 6. Be2 O-O 7. Nf3 d5 8. cxd5 cxd5 9. Nxd5 Nxd5 10. exd5 e4 11.
Ne5 Nd7 12. Nxd7 Bxd7 13. O-O Qd6 14. Qc2 Rfe8 15. Qc3 f6 16. Rac1 Rac8 17. Qg3 Qxg3 18. hxg3 Bb4 19. Rxc8 Rxc8 20. Rc1 Bxd2 21. Rxc8+ Bxc8 22.
Bd4 a6 23. Bc5 Kf7 24. a4 Bd7 25. Kf1 f5 26. Bd1 b5 27. Ke2 Bc3 28. Ke3 g5 29.
axb5 Bxb5 30. b4 Bc4 31. Be2 f4+ 32. gxf4 gxf4+ 33. Kxf4 Bxe2 34. Kxe4 Bf1 35. g4 Bg2+ 36. Kd3 Be5 37. Kc4 Bf3 38. Bd4 Bd6 0-1

[Event "Late-Titled-Tuesday-Blitz-October-10-2023"]
[Site "Chess.com"]
[Date "2023.10.10"]
[Round "9"]
[White "SanchezKelvin"]
[Black "Sofiia_Hryzlova"]
[Result "0-1"]
[WhiteElo "2563"]
[BlackElo "2375"]
[TimeControl "180+1"]
[EndTime "15:39:21 PDT"]
[Termination "Sofiia_Hryzlova won by resignation"]

1. e4 Nf6 2. e5 Ne4 3. c4 d5 4. exd6 cxd6 5. d4 g6 6. Nc3 Nxc3 7. bxc3 Bg7 8. Bd3 O-O 9. Ne2 e5 10. O-O Nc6 11. Be4 Re8 12. Rb1 exd4 13. Bxc6 bxc6 14. cxd4 Bg4 15. f3 Bf5 16. Rb3 Qa5 17. Ng3 Be6 18. Ra3 Qb4 19. Ra4 Qb1 20. Bf4 Qb2 21. d5 cxd5 22.
cxd5 Bd7 23. Re4 Qxa2 24. Bxd6 a5 25. Rf2 Qa1 26. Qxa1 Bxa1 27. Ra2 Rxe4 28. Nxe4 Bd4+ 29. Kf1 a4 30. Bc5 Be5 31. Ke2 Rb8 32. Bd6 Rb2+ 33.
Rxb2 Bxb2 34. Nc5 a3 35. Nxd7 a2 36. Bf4 a1=Q 37. Be3 Qa6+ 38. Kf2 Qd3 39. Nc5 Qxd5 40. g4 Bd4 41. Ne4 Qa2+ 42. Kg3 Bxe3 0-1

[Event "Late-Titled-Tuesday-Blitz-October-10-2023"]
[Site "Chess.com"]
[Date "2023.10.10"]
[Round "9"]
[White "DIMONBANAN"]
[Black "BeyondMadness"]
[Result "1-0"]
[WhiteElo "2501"]
[BlackElo "2316"]
[TimeControl "180+1"]
[EndTime "15:39:21 PDT"]
[Termination "DIMONBANAN won by checkmate"]

1. e4 c5 2. Nf3 d6 3. d4 cxd4 4. Nxd4 Nf6 5. Nc3 a6 6. f3 e6 7. Be3 Be7 8. Qd2 O-O 9. O-O-O Qc7 10. g4 b5 11. Kb1 Nfd7 12. h4 Nb6 13. Qf2 N8d7 14.
h5 Bb7 15. g5 Nc4 16. Bc1 Rac8 17. g6 Nc5 18. h6 fxg6 19. hxg7 Rf7 20. Bxc4 bxc4 21.
Rxh7 Rxg7 22. Rxg7+ Kxg7 23. Rh1 Rh8 24. Rxh8 Kxh8 25.
Qh2+ Kg7 26. Qh6+ Kf7 27. Qh7+ Ke8 28. Qxg6+ Kd7 29. Qf7 Qd8 30. Na4 Nxa4 31. Qxe6+ Ke8 32. Nf5 Nc5 33. Qxc4 Kd7 34. Be3 Qc7 35. Qf7 Kd8 36.
Qg8+ Kd7 37. Ng7 Bc8 38. Qe8# 1-0

[Event "Late-Titled-Tuesday-Blitz-October-10-2023"]
[Site "Chess.com"]
[Date "2023.10.10"]
[Round "9"]
[White "Schwindle"]
[Black "CraiggoryC"]
[Result "0-1"]
[WhiteElo "2397"]
[BlackElo "2281"]
[TimeControl "180+1"]
[EndTime "15:39:21 PDT"]
[Termination "CraiggoryC won by resignation"]

1. e4 e6 2. d4 d5 3. Nc3 Bb4 4. e5 c5 5. Bd2 Nh6 6. Nf3 Nf5 7.
dxc5 Nd7 8. Bd3 Nxc5 9. Bxf5 exf5 10. O-O Be6 11. Nb5 Bxd2 12. Nd6+ Kf8 13. Nxd2 Qb6 14. Kh1 h5 15. Rb1 h4 16. h3 Ne4 17. N2xe4 dxe4 18.
c4 Rd8 19. b4 Bxc4 20. Nxc4 Rxd1 21. Nxb6 Rxf1+ 22. Rxf1 axb6 23. Rc1 Ke7 24. Rc7+ Ke6 25. Rxb7 Ra8 26. Rxb6+ Kxe5 27. Rb5+ Kf4 28. Ra5 Rc8 29.
Kg1 Rc1+ 30. Kh2 Rc2 31. Kg1 Rc1+ 32. Kh2 Rf1 33. g3+ hxg3+ 34. fxg3+ Kf3 35. Rxf5+ Ke2 36. Rxf1 Kxf1 37. b5 e3 38. b6 e2 39. b7 e1=Q 40.
b8=Q Qf2+ 0-1

[Event "Late-Titled-Tuesday-Blitz-October-10-2023"]
[Site "Chess.com"]
[Date "2023.10.10"]
[Round "9"]
[White "venturov"]
[Black "AlexandraBotez"]
[Result "1-0"]
[WhiteElo "2428"]
[BlackElo "2292"]
[TimeControl "180+1"]
[EndTime "15:39:22 PDT"]
[Termination "venturov won by resignation"]

1. e4 e6 2. Nf3 d5 3. e5 c5 4. b4 cxb4 5. a3 bxa3 6. d4 Bd7 7.
Bxa3 Bxa3 8. Nxa3 Ne7 9. Bd3 h6 10.
O-O O-O 11. c3 Bc6 12. Nc2 Nd7 13. Ne3 Nb6 14. Bc2 Bb5 15. Re1 Qd7 16. h4 a6 17.
Qd2 Rac8 18. Ng4 Nf5 19. Qf4 Rxc3 20. Bxf5 exf5 21. Ne3 Bd3 22. e6 fxe6 23. Ne5 Qe8 24. Rec1 Qc8 25. Nxd3 Rxc1+ 26. Rxc1 Nc4 27. Nxc4 dxc4 28.
Ne5 b5 29. Qf3 Rd8 30. Nc6 Re8 31. Re1 Kh8 32. d5 Qd7 33. Ne5 Qc8 34. d6 Rd8 35.
Nf7+ Kg8 36. Nxd8 Qxd8 37. Rxe6 Qd7 38. Qd5 Kh7 39. Qxf5+ 1-0

[Event "Late-Titled-Tuesday-Blitz-October-10-2023"]
[Site "Chess.com"]
[Date "2023.10.10"]
[Round "9"]
[White "karinachess1"]
[Black "Mikhal867"]
[Result "1-0"]
[WhiteElo "2584"]
[BlackElo "2462"]
[TimeControl "180+1"]
[EndTime "15:39:23 PDT"]
[Termination "karinachess1 won by resignation"]

1. d4 Nf6 2. c4 g6 3. g3 Bg7 4. Bg2 O-O 5. Nc3 d6 6. Nf3 Nc6 7. O-O e5 8. dxe5 dxe5 9. Bg5 Qe8 10. Bxf6 Bxf6 11. Nd5 Bd8 12. b4 e4 13. Nd4 f5 14.
Nxc6 bxc6 15. Ne3 Bf6 16. Rb1 Be6 17. Qa4 c5 18. Qxe8 Rfxe8 19. bxc5 Bd4 20. Nd5 Bxd5 21. cxd5 Bxc5 22. Rfc1 Bb6 23. e3 Rad8 24. Bf1 g5 25. Rc6 Rf8 26. Re6 Kg7 27. Bc4 Rd6 28. Rd1 Rf7 29.
Kg2 Kf8 30. a4 a5 31. Rb1 Rf6 32. h3 Rfxe6 33. dxe6 Rd2 34. Rb5 Bxe3 35. Rxf5+ Ke8 36. Rf7 Bb6 37. Bb5+ c6 38. Bxc6+ Kd8 39. e7+ Kc7 40. e8=Q+ 1-0

[Event "Late-Titled-Tuesday-Blitz-October-10-2023"]
[Site "Chess.com"]
[Date "2023.10.10"]
[Round "9"]
[White "Witaliss"]
[Black "WDCH"]
[Result "1-0"]
[WhiteElo "2584"]
[BlackElo "2714"]
[TimeControl "180+1"]
[EndTime "15:39:24 PDT"]
[Termination "Witaliss won by resignation"]

1. Nf3 c5 2. g3 b6 3. Bg2 Bb7 4. O-O Nf6 5. d3 g6 6. e4 d6 7.
Qe2 Bg7 8. a4 O-O 9. Nbd2 Qc7 10. Nc4 e5 11. Bg5 Nbd7 12. Nfd2 h6 13. Be3 d5 14. exd5 Nxd5 15. Ne4 Rad8 16. Bd2 Ba8 17. Nc3 Nb4 18. Nb5 Qb8 19. Bxa8 Qxa8 20. Bxb4 cxb4 21.
a5 Qd5 22. Nxa7 b5 23. Nb6 Qb7 24. Nxb5 Nxb6 25. axb6 Qxb6 26. c4 bxc3 27. Nxc3 Qd4 28. Rfd1 Rb8 29. Rd2 Rb3 30. Ra4 Qd7 31. Rc4 Rfb8 32. Ne4 Qd5 33. Nc3 Qd7 34. Ne4 Qd5 35. Nc3 Qb7 36. Na4 Rd8 37. Nc5 Qb5 38. Nxb3 Qxb3 39.
Qe3 Qa2 40. Qe4 Qa7 41. Kg2 f5 42. Qc6 Kh7 43. Qe6 Rd7 44. Rc6 Kh8 45. Qxg6 Rd8 46. Qxf5 Qb7 47. Qe4 Qd7 48. Rg6 Rf8 49. Re2 Qf7 50.
Rxg7 Qxg7 51. Qxe5 Qxe5 52. Rxe5 Rb8 53. Re2 Rb3 54. Rd2 Kg7 55. d4 Kf6 56. d5 Ke7 57.
d6+ Kd7 58. f4 h5 59. f5 Rb5 60. f6 Rf5 61. Rf2 Rxf2+ 62. Kxf2 Kxd6 63. b4 Ke6 64. b5 Kxf6 65. b6 Ke6 66. b7 Kd7 67. b8=Q 1-0

[Event "Late-Titled-Tuesday-Blitz-October-10-2023"]
[Site "Chess.com"]
[Date "2023.10.10"]
[Round "9"]
[White "lluiss"]
[Black "schondeln"]
[Result "0-1"]
[WhiteElo "2221"]
[BlackElo "2390"]
[TimeControl "180+1"]
[EndTime "15:39:24 PDT"]
[Termination "schondeln won on time"]

1. Nf3 d5 2. d4 Nf6 3. c4 c6 4. cxd5 cxd5 5. Nc3 Nc6 6. Bf4 e6 7. e3 Nh5 8. Bg5 Qb6 9. a3 h6 10. Bh4 g5 11. Bg3 Nxg3 12. hxg3 Bg7 13. b4 Qd8 14. Be2 b6 15. Rc1 Bb7 16. Bb5 O-O 17. O-O a6 18.
Be2 Qe7 19. Na4 Qd8 20. Qd2 a5 21. b5 Ne7 22. Bd3 Qd6 23. Rc3 Rfc8 24. Rfc1 Rxc3 25.
Rxc3 Rc8 26. Rxc8+ Bxc8 27. Qc3 Bd7 28. Ne5 Be8 29. Bc2 f6 30. Nd3 Bxb5 31. Ndb2 Bf8 32. Bd3 Be8 33. Qb3 Nc8 34. Ba6 Qc7 35. Bxc8 Qxc8 36.
Nxb6 Qc1+ 37. Kh2 Qd2 38. Nd3 Bg6 39. Nc5 Qxf2 0-1

[Event "Late-Titled-Tuesday-Blitz-October-10-2023"]
[Site "Chess.com"]
[Date "2023.10.10"]
[Round "9"]
[White "miraitrunks"]
[Black "ExchangeAB"]
[Result "0-1"]
[WhiteElo "2253"]
[BlackElo "2497"]
[TimeControl "180+1"]
[EndTime "15:39:26 PDT"]
[Termination "ExchangeAB won on time"]

1. e4 c6 2. d4 d5 3. exd5 cxd5 4. c4 Nf6 5. Nc3 e6 6. Bg5 Be7 7. Nf3 O-O 8. Bd3 dxc4 9. Bxc4 Nc6 10. O-O Nb4 11. Ne5 Nbd5 12. Nxd5 Nxd5 13. Bxe7 Nxe7 14. Qg4 Nd5 15. Rad1 b6 16. Rd3 Bb7 17. Rg3 g6 18. h4 Nf6 19. Qh3 Qxd4 20. Re1 Ne4 21. Rxe4 Qxe4 22.
Re3 Qb1+ 23. Kh2 Qxb2 24. h5 Bd5 25. hxg6 hxg6 26. Bd3 Kg7 27. Bxg6 fxg6 28. Qg4 Rh8+ 29. Kg3 Rh6 30. Qg5 Re8 31. Ng4 Rh5 32. Qf4 Rf5 33. Qh6+ Kf7 34. Qh7+ Qg7 0-1

[Event "Late-Titled-Tuesday-Blitz-October-10-2023"]
[Site "Chess.com"]
[Date "2023.10.10"]
[Round "9"]
[White "FM_Kappeler"]
[Black "MaxLeto"]
[Result "0-1"]
[WhiteElo "2302"]
[BlackElo "2484"]
[TimeControl "180+1"]
[EndTime "15:39:30 PDT"]
[Termination "MaxLeto won by checkmate"]

1. d4 d5 2. c4 e6 3. Nf3 Nf6 4.
g3 Be7 5. Bg2 O-O 6. O-O dxc4 7.
Qa4 a6 8. Qxc4 b5 9. Qc2 Bb7 10. Bg5 Nc6 11. Rd1 Nb4 12. Qc1 Be4 13. Nbd2 Bc2 14. Rf1 Bg6 15. Ne5 Rc8 16. Nxg6 hxg6 17. a3 Nbd5 18. b4 c6 19. Qc2 Nb6 20. Rac1 Qxd4 21.
Be3 Qd8 22. Nb3 Nc4 23. Bc5 Nd5 24. Rfd1 Bxc5 25. Nxc5 Qe7 26. Qb3 a5 27. e4 Ndb6 28.
f4 e5 29. f5 g5 30. f6 Qxf6 31.
Rf1 Qg6 32. Bh3 Rcd8 33. Bf5 Qh6 34. bxa5 Nxa5 35. Qb2 Nac4 36. Qb4 Rd2 37. a4 Qxh2# 0-1

[Event "Late-Titled-Tuesday-Blitz-October-10-2023"]
[Site "Chess.com"]
[Date "2023.10.10"]
[Round "9"]
[White "Aygehovit1992"]
[Black "Chesstrainer1"]
[Result "1-0"]
[WhiteElo "2691"]
[BlackElo "2499"]
[TimeControl "180+1"]
[EndTime "15:39:33 PDT"]
[Termination "Aygehovit1992 won on time"]

1. e4 c5 2. Nc3 a6 3. f4 b5 4. Nf3 Bb7 5. Qe2 e6 6. d3 b4 7. Na4 d5 8. b3 dxe4 9. dxe4 Nf6 10. e5 Nd5 11. g3 Be7 12. Bg2 Bc6 13. O-O Bb5 14. Qe4 Bxf1 15. Bxf1 Nd7 16. f5 N7b6 17. fxe6 fxe6 18. Bh3 Nxa4 19. bxa4 Qb6 20. a5 Qc6 21. Bg5 Rc8 22. Qh4 Rf8 23. Rf1 c4 24. Qh5+ Kd7 25. Nd4 Bc5 26. Rf7+ Rxf7 27. Qxf7+ Ne7 28. Bxe6+ Kc7 29.
Qxe7+ Bxe7 30. Nxc6 Bxg5 31. Bxc8 Be3+ 32. Kf1 Kxc6 33. Bxa6 Kd5 34. Bxc4+ Kxe5 35. Ke2 Ba7 36. Bg8 h6 37. Kd3 Bg1 38. Kc4 1-0

[Event "Late-Titled-Tuesday-Blitz-October-10-2023"]
[Site "Chess.com"]
[Date "2023.10.10"]
[Round "9"]
[White "a-z30"]
[Black "Arimin1329"]
[Result "0-1"]
[WhiteElo "2442"]
[BlackElo "2317"]
[TimeControl "180+1"]
[EndTime "15:39:37 PDT"]
[Termination "Arimin1329 won on time"]

1. c4 b6 2. e4 Bb7 3. Nc3 c5 4. g3 g6 5. Bg2 Bg7 6. f4 e6 7. d3 Ne7 8. Nf3 Nbc6 9. O-O O-O 10.
Kh1 d5 11. cxd5 exd5 12. e5 Nf5 13. Re1 Re8 14. Bd2 Nb4 15. Bc1 Ba6 16. Bf1 d4 17. Ne4 Bb7 18. Bg2 Nd5 19. Qe2 Nde3 20. Bxe3 Nxe3 21. Nd6 Re7 22. Nxb7 Rxb7 23. Nxd4 Nxg2 24.
Qxg2 Rd7 25. Nc6 Qc8 26. e6 fxe6 27. Rxe6 Kh8 28. Rae1 Rxd3 29. Ne5 Bxe5 30. R6xe5 Qd8 31. Re7 Rd1 32. Qe2 Qd5+ 33. Kg1 Qd4+ 34. Kf1 Rd8 35.
Qe5+ Qxe5 36. Rxe5 R1d2 37. R1e2 Kg8 38. Re7 R8d7 39.
Kf2 Kf8 40. Re8+ Kf7 41. Re3 R7d3 42. Rxd3 Rxd3 43. Re3 Rd1 44. g4 b5 45. Re2 a5 46.
Kf3 c4 47. Ke4 b4 48. Rc2 b3 49. axb3 cxb3 50. Rc3 a4 51. Rc4 Rd2 52. h4 Rxb2 0-1

[Event "Late-Titled-Tuesday-Blitz-October-10-2023"]
[Site "Chess.com"]
[Date "2023.10.10"]
[Round "9"]
[White "Zeck_CH"]
[Black "JoakimVonAnd"]
[Result "0-1"]
[WhiteElo "2498"]
[BlackElo "2684"]
[TimeControl "180+1"]
[EndTime "15:39:39 PDT"]
[Termination "JoakimVonAnd won by resignation"]

1. d4 Nf6 2. c4 e6 3. Nf3 b6 4. g3 Bb7 5. Bg2 Bb4+ 6. Nbd2 O-O 7. Qb3 a5 8. a3 Be7 9. O-O d5 10. Rd1 a4 11. Qc2 Nc6 12. cxd5 exd5 13. Ne5 Nxd4 14. Qd3 c5 15. e3 Ba6 16. Qb1 Ne2+ 17. Kh1 Bd6 18.
Nef3 Ng4 19. Rf1 d4 20. exd4 cxd4 21. Ne4 Re8 22. Bd2 d3 23. Nc3 Bb7 24. Qxd3 Ba6 25. Qf5 Bc8 26. Qd3 Nxc3 27. Bxc3 Ba6 28. Qf5 Bxf1 29.
Rxf1 Nf6 30. Rd1 Qe7 31. h4 Qe6 32. Qg5 h6 33. Qb5 Bc5 34. Nd4 Bxd4 35. Rxd4 Rad8 36. Rf4 Rd1+ 37. Bf1 Qd5+ 38. Qxd5 Nxd5 39. Rd4 Nxc3 40. bxc3 Rxf1+ 41. Kg2 Ra1 42. Rb4 Rxa3 43. Rxb6 Rxc3 0-1

[Event "Late-Titled-Tuesday-Blitz-October-10-2023"]
[Site "Chess.com"]
[Date "2023.10.10"]
[Round "9"]
[White "jguerramzllo"]
[Black "rickywsb"]
[Result "0-1"]
[WhiteElo "2580"]
[BlackElo "2370"]
[TimeControl "180+1"]
[EndTime "15:39:40 PDT"]
[Termination "rickywsb won on time"]

1. d4 d5 2. Nf3 Nf6 3. c4 c6 4. e3 e6 5. Nc3 Nbd7 6. Bd3 dxc4 7. Bxc4 b5 8. Bd3 Bb7 9. O-O a6 10. a4 Bd6 11. e4 e5 12. Ne2 O-O 13. Bg5 Re8 14.
Re1 Qc7 15. Qc2 exd4 16. Nexd4 c5 17. Nf5 c4 18. Bxf6 Nxf6 19. Nxd6 Qxd6 20. e5 cxd3 21. Qd1 Bxf3 22. Qxf3 d2 23. Red1 Qxe5 24. g3 Rad8 25. axb5 axb5 26. Kg2 Qe4 27. b3 Qxf3+ 28. Kxf3 Rd3+ 29.
Kg2 h5 30. Ra2 Ne4 31. Rc2 Red8 32. f3 Nc3 33. Rf1 d1=Q 34. Rxd1 Nxd1 35. Re2 Rxb3 36. Re5 Rb2+ 37. Kh3 Nf2+ 38. Kh4 g6 39. Rc5 Kg7 40. Kg5 f6+ 41. Kh4 Rb4+ 42. g4 hxg4 43. Kg3 Nd3 44. Rc7+ Kh6 45. fxg4 Ne5 46. h3 Rd3+ 47. Kf2 Rb2+ 48.
Ke1 Re3+ 49. Kd1 Nf3 50. Kc1 Rh2 51. Kb1 Re1+ 0-1